 Dungeon Crawl Stone Soup version 0.21.0-37-g46506fa (webtiles) character file.

726 gyp21 the Magician (level 7, -2/52 HPs)
             Began as a Mummy Fire Elementalist on Feb 1, 2018.
             Slain by a hound (3 damage)
             ... on level 5 of the Dungeon.
             The game lasted 00:22:21 (7220 turns).

gyp21 the Magician (Mummy Fire Elementalist)        Turns: 7220, Time: 00:22:22

Health: -2/52      AC:  4    Str: 12    XL:     7   Next: 44%
Magic:  1/14       EV: 13    Int: 16    God:
Gold:   221        SH:  0    Dex: 12    Spells: 8/16 levels left

rFire    x . .     SeeInvis .   c - +0 short sword
rCold    + . .     Gourm    .   (no shield)
rNeg     + + +     Faith    .   a - +0 robe
rPois    ∞         Spirit   .   (no helmet)
rElec    .         Reflect  .   (no cloak)
rCorr    .         Harm     .   g - +0 pair of gloves (curse)
MR       .....                  e - +0 pair of boots (curse)
Stlth    ++........             (no amulet)
HPRegen  0.17/turn              (no ring)
MPRegen  0.14/turn              (no ring)

@: very slightly contaminated
A: no food or potions, fire vulnerability, cold resistance 1, negative energy
resistance 3, torment resistance, unbreathing
a: no special abilities


You were on level 5 of the Dungeon.
You were not hungry.

You visited 1 branch of the dungeon, and saw 5 of its levels.

You collected 221 gold pieces.

Inventory:

Hand Weapons
 c - a +0 short sword (weapon)
Armour
 a - a +0 robe (worn)
 e - a cursed +0 pair of boots (worn)
 g - a cursed +0 pair of gloves (worn)
Scrolls
 d - 5 scrolls of teleportation {unknown}
 f - 2 scrolls of blinking {unknown}
 h - 6 scrolls of identify {unknown}
 i - 2 scrolls of fear {unknown}
 j - 2 scrolls of immolation {unknown}
 k - a scroll of enchant armour {unknown}
Books
 b - a book of Flames

   Spells                             Type                      Level
   a - Flame Tongue                   Conjuration/Fire             1
   b - Throw Flame                    Conjuration/Fire             2
   c - Conjure Flame                  Conjuration/Fire             3
   d - Inner Flame                    Hexes/Fire                   3
   e - Sticky Flame                   Conjuration/Fire             4
   f - Fireball                       Conjuration/Fire             5


   Skills:
 + Level 3.3 Fighting
 + Level 3.4 Dodging
 - Level 1.5 Stealth
 + Level 5.2 Spellcasting
 + Level 2.9 Conjurations
 + Level 3.8 Fire Magic


You had 8 spell levels left.
You knew the following spells:

 Your Spells              Type           Power        Failure   Level  Hunger
a - Flame Tongue          Conj/Fire      ###..        3%          1    N/A
b - Sticky Flame          Conj/Fire      ###.....     36%         4    N/A
c - Conjure Flame         Conj/Fire      ###.....     11%         3    N/A

Dungeon Overview and Level Annotations

Branches:
Dungeon (5/15)
 Temple: D:4-7

Altars:
Gozag
Kikubaaqudgha
Ru
Xom

Annotations:
D:3 Sigmund
D:5 Dowan, Duvessa, Eustachio


Innate Abilities, Weirdness & Mutations

You do not eat or drink.
Your flesh is vulnerable to fire.
You are immune to poison.
Your flesh is cold resistant. (rC+)
You are immune to negative energy. (rN+++)
You are immune to unholy pain and torment.
You can survive without breathing.


Message History

The hound bites you but does no damage. The hound closely misses you.
Eustachio hits you with a rapier.
* * * LOW HITPOINT WARNING * * *
You barely miss Eustachio.
Eustachio is moderately wounded.
Eustachio burns!
The hound barely misses you. Eustachio hits you but does no damage.
You hit Eustachio but do no damage.
Eustachio is moderately wounded.
Eustachio burns!
Eustachio stops burning.
The hound barely misses you. The hound bites you.
* * * LOW HITPOINT WARNING * * *
Eustachio gestures wildly while chanting.
Eustachio blinks!
You miss the hound. The hound barely misses you. The hound bites you.
* * * LOW HITPOINT WARNING * * *
Things that are here:
a robe; a dagger The hound bites you.
You die...

#.# #.# #...%...#
#.# #........ #.#
#.......# #.#
#.......# #.#
#.......# #[#
#......(#
#<###@......#
#)#@........#
#.h.........####
###.............
##.###.###### #
#...##..(.#####.#.
#...#####.r.5.....
#...# ###@..#...
#...# #.#o# #...#
...#...


You could see Eustachio and a hound.

Vanquished Creatures
  An ice beast (D:5)
  A phantom (D:4)
  The ghost of SaintRoka the Sneak, an amateur SpEn (D:4)
  2 howler monkeys (D:4)
  A bullfrog zombie (D:3)
  An orc priest (D:3)
  A hound (D:4)
  An orc wizard (D:5)
  An iguana (D:4)
  A worker ant (D:5)
  A worker ant zombie (D:5)
  4 gnolls (D:4)
  5 adders
  2 oozes
  4 dart slugs
  A leopard gecko (D:3)
  20 orcs
  2 giant cockroaches (D:3)
  8 goblins
  15 hobgoblins
  10 jackals
  6 kobolds
  3 quokkas
  6 bats
  4 frilled lizards
  9 rats
111 creatures vanquished.

Vanquished Creatures (others)
  A plant (D:3)
1 creature vanquished.

Grand Total: 112 creatures vanquished

Notes
Turn   | Place    | Note
-------+----------+-------------------------------------------
     0 | D:1      | gyp21 the Mummy Fire Elementalist began the quest for the Orb.
     0 | D:1      | Reached XP level 1. HP: 13/13 MP: 4/4
   345 | D:1      | Reached skill level 1 in Conjurations
   346 | D:1      | Reached XP level 2. HP: 20/20 MP: 2/5
   599 | D:1      | Reached skill level 3 in Spellcasting
  1066 | D:2      | Reached skill level 1 in Fighting
  1066 | D:2      | Reached XP level 3. HP: 26/26 MP: 5/7
  1713 | D:2      | Reached XP level 4. HP: 32/32 MP: 5/9
  2287 | D:2      | Found an opulent altar of Gozag.
  2288 | D:2      | Found a sacrificial altar of Ru.
  2472 | D:3      | Noticed Sigmund
  2486 | D:3      | Found a shimmering altar of Xom.
  3039 | D:3      | Reached XP level 5. HP: 32/38 MP: 1/10
  3169 | D:3      | Learned a level 4 spell: Sticky Flame
  3401 | D:3      | Reached skill level 4 in Spellcasting
  3863 | D:3      | Found an ancient bone altar of Kikubaaqudgha.
  4109 | D:3      | Learned a level 3 spell: Conjure Flame
  4371 | D:4      | Noticed SaintRoka's ghost (amateur SpEn)
  4418 | D:4      | Killed SaintRoka's ghost
  4418 | D:4      | Reached XP level 6. HP: 10/46 MP: 5/12
  5200 | D:4      | Reached XP level 7. HP: 35/52 MP: 0/14
  5727 | D:5      | Entered Level 5 of the Dungeon
  6170 | D:5      | Reached skill level 5 in Spellcasting
  6335 | D:5      | Noticed Duvessa
  6335 | D:5      | Noticed Dowan
  6375 | D:5      | HP: 2/52 [Duvessa/short sword (12)]
  6726 | D:5      | Noticed Eustachio
  7218 | D:5      | HP: 1/52 [hound (3)]
  7220 | D:5      | Slain by a hound

Skill      XL: |  1  2  3  4  5  6  7 |
---------------+----------------------+-----
Conjurations   | 1 2 |  2.9
Spellcasting   | 3 4 5 |  5.2
Fighting       | 1 2 3 |  3.3
Dodging        | 2 3 |  3.4
Fire Magic     | 3 |  3.8
Stealth        | |  1.5

Action                   |  1- 3 |  4- 6 |  7- 9 || total
-------------------------+-------+-------+-------++-------
Melee: Short sword       |    18 |    58 |   208 ||   284
 Cast: Flame Tongue      |    61 |   151 |    35 ||   247
       Conjure Flame     |       |     6 |     2 ||     8
       Sticky Flame      |       |       |     8 ||     8
 Stab: Sleeping          |       |     1 |       ||     1
Armor: Robe              |    13 |    32 |    53 ||    98
Dodge: Dodged            |    29 |    82 |   137 ||   248
